 Dungeon Crawl Stone Soup version 0.31-a0-1147-g46bab52692 (webtiles) character file.

Game seed: 8436650888959959758

1407 Gelogger the Skirmisher (level 8, -2/70 HPs)
             Began as a Minotaur Hunter on Dec 5, 2023.
             Was an Elder of Wu Jian.
             Slain by a water moccasin (8 damage)
             ... on level 5 of the Dungeon on Dec 7, 2023.
             The game lasted 00:45:27 (6193 turns).

Gelogger the Skirmisher (Minotaur Hunter)           Turns: 6193, Time: 00:45:28

Health: -2/70      AC:  7    Str: 16    XL:     8   Next: 42%
Magic:  7/7        EV: 13    Int:  6    God:    Wu Jian [****..]
Gold:   369        SH:  0    Dex: 16    Spells: 7/7 levels left

rFire   . . .        a - +0 shortbow
rCold   . . .        (shield currently unavailable)
rNeg    . . .        c - +0 leather armour
rPois   .            u - +0 hat
rElec   .            (no cloak)
rCorr   .            (no gloves)
SInv    .            (no boots)
Will    .....        (no amulet)
Stlth   ++           e - +4 ring of protection
HPRegen 0.31/turn    (no ring)
MPRegen 0.10/turn

%: no passive effects
@: no status effects
A: horns 2, retaliatory headbutt
a: Renounce Religion, Wall Jump, Serpent's Lash


You were on level 5 of the Dungeon.
You worshipped Wu Jian.
Wu Jian was greatly pleased with you.
You visited 1 branch of the dungeon, and saw 5 of its levels.
You also visited: Sewer.

You collected 369 gold pieces.

Inventory:

Hand Weapons
 a - a +0 shortbow (weapon)
Missiles
 i - 4 curare-tipped darts
 t - 10 poisoned darts
 z - 6 atropa-tipped darts
Armour
 c - a +0 leather armour (worn)
 f - a +0 robe of cold resistance
 u - a +0 hat (worn)
Jewellery
 d - a +6 ring of intelligence
 e - a +4 ring of protection (left hand)
 E - an amulet of magic regeneration
Wands
 s - a wand of iceblast (6)
 A - a wand of flame (12) (quivered)
Scrolls
 h - 4 scrolls of poison
 j - a scroll of torment
 m - 2 scrolls of noise
 o - a scroll of immolation
 p - a scroll of blinking
 w - 2 scrolls of fog
 x - a scroll of amnesia {unknown}
 y - a scroll of enchant armour {unknown}
 B - a scroll of revelation {unknown}
Potions
 b - a potion of attraction {unknown}
 g - a potion of cancellation {unknown}
 k - a potion of berserk rage {unknown}
 l - 2 potions of curing
 q - a potion of mutation {unknown}
 r - 2 potions of degeneration
 v - 7 potions of enlightenment
 C - a potion of brilliance {unknown}


   Skills:
 + Level 5.8 Fighting
 + Level 10.2 Ranged Weapons
 + Level 3.3 Armour
 + Level 3.5 Dodging
 + Level 1.4 Stealth


You had 7 spell levels left.
You didn't know any spells.
Your spell library contained the following spells:

 Spells                   Type           Power      Damage    Failure   Level
 Magic Dart               Conj           0%         1d3       52%         1
 Sting                    Tmut/Pois      0%         1d3       52%         1
 Poisonous Vapours        Pois/Air       0%         N/A       65%         2
 Searing Ray              Conj           0%         2d4       65%         2
 Sublimation of Blood     Necr           0%         N/A       65%         2
 Mephitic Cloud           Conj/Pois/Air  0%         N/A       87%         3
 Fulminant Prism          Conj/Hex       0%         3d5       99%         4
 Olgreb's Toxic Radiance  Pois           0%         N/A       99%         4
 Petrify                  Tmut/Erth      0%         N/A       99%         4
 Freezing Cloud           Conj/Ice/Air   0%         6-21      100%        5
 Irradiate                Conj/Tmut      0%         3d11      100%        5


Dungeon Overview and Level Annotations

Branches:
Dungeon (5/15)              Sewer (visited)
 Temple: D:4-7

Altars:
Wu Jian

Shops:
D:1 !   D:5 *

Annotations:
D:3 3 runed translucent doors, jotaen's ghost, amateur MiFi
D:4 1 runed translucent door, ongoing's ghost, novice DjCj


Innate Abilities, Weirdness & Mutations

You have a pair of horns on your head.
You reflexively headbutt those who attack you in melee.


Message History

You feel very sick. The water moccasin misses you.
You feel better. The water moccasin closely misses you.
The water moccasin bites you.
You shoot an arrow. The arrow hits the water moccasin.
The water moccasin is heavily wounded.
The water moccasin bites you.
You shoot an arrow. The arrow hits the water moccasin.
The water moccasin is severely wounded.
The water moccasin bites you.
You shoot an arrow.
The arrow closely misses the water moccasin.
The water moccasin bites you but does no damage.
The water moccasin bites you.
You shoot an arrow. The arrow hits the water moccasin.
The water moccasin is severely wounded.
The water moccasin bites you.
You are poisoned.
The water moccasin poisons you!
You shoot an arrow. The arrow misses the water moccasin.
You feel very sick. The water moccasin bites you.
* * * LOW HITPOINT WARNING * * *
You are lethally poisoned!
The water moccasin poisons you!
You shoot an arrow.
The arrow hits the water moccasin but does no damage.
The water moccasin is severely wounded.
* * * LOW HITPOINT WARNING * * *
You feel very sick. The water moccasin closely misses you.
The water moccasin bites you.
* * * LOW HITPOINT WARNING * * *
You feel better. The water moccasin bites you!
* * * LOW HITPOINT WARNING * * *
You shoot an arrow. The arrow misses the water moccasin.
The water moccasin bites you but does no damage.
You shoot an arrow. The arrow hits the water moccasin.
The water moccasin is severely wounded.
The water moccasin bites you!
You die...

#.# #.#....# #.###.## #.#
#.#....# #......# #.# #.#....#
######## #.###.#....# ######
#.#........#########....##
#.#.#.#.#................#
#.#...#.#.####.#..####...#####
#.#.#.#.#.# #.#.##..##......#
#.#.#.#.#.# #..@#.Sr #..###.#
..#.#.#.#.# ###S#5.S #....#.#
....#...#.# #.##os ####.[.#
#########.######..##'###.##..#
#.............#.#)###.'...#..#
#.#######.###..##...s###.##.##
#.# #.# #..#.).()#.#+#..# #.#
#.###..#...(.#.....## #.#
#......#.....#.#####


You could see a water moccasin.

Vanquished Creatures
  Prince Ribbit (D:5)
  An ice beast (D:5)
  2 ogres (D:4)
  Blork the orc (D:5)
  A brain worm (Sewer)
  2 scorpions (D:5)
  2 jellies
  5 hounds
  2 orc priests
  2 iguanas
  A sleepcap (D:5)
  Ijyb (D:5)
  3 orc wizards
  2 river rats
  11 adders
  7 worms
  3 dart slugs
  12 orcs
  7 ball pythons
  7 bats
  8 endoplasms
  5 giant cockroaches
  4 goblins
  8 hobgoblins
  3 jackals (Sewer)
  12 kobolds
  6 quokkas
  7 frilled lizards
  6 rats
132 creatures vanquished.

Notes
Turn   | Place    | Note
-------+----------+-------------------------------------------
     0 | D:1      | Gelogger the Minotaur Hunter began the quest for the Orb.
     0 | D:1      | Reached XP level 1. HP: 18/18 MP: 0/0
   181 | D:1      | Found a faded altar of an unknown god.
   188 | D:1      | Prayed at the altar of an unknown god.
   188 | D:1      | Became a worshipper of the Wu Jian Council
   188 | D:1      | Reached * piety under Wu Jian
   202 | D:1      | Reached XP level 2. HP: 25/25 MP: 1/1
   240 | D:1      | Found Noivonum's Distillery.
   348 | D:1      | Reached skill level 5 in Ranged Weapons
   783 | D:2      | Reached XP level 3. HP: 30/30 MP: 2/2
  1378 | D:2      | Reached ** piety under Wu Jian
  1681 | D:3      | Identified the +1 whip of Embarrassment {protect, Int+3}
  2136 | D:3      | Identified the +0 war axe "Xeheipliole" {flame, *Rage
                  | Will++ Str+6}
  2271 | D:3      | Reached skill level 6 in Ranged Weapons
  2271 | D:3      | Reached skill level 1 in Stealth
  2271 | D:3      | Reached XP level 4. HP: 27/37 MP: 3/3
  2290 | D:3      | Found a runed translucent gate.
  2291 | D:3      | Found a runed translucent gate.
  2292 | D:3      | Found a runed translucent gate.
  2299 | D:3      | Noticed jotaen's ghost (amateur MiFi)
  2486 | D:3      | Reached skill level 1 in Armour
  2792 | D:4      | Noticed an ogre
  2802 | D:4      | Reached XP level 5. HP: 33/45 MP: 4/4
  2890 | D:4      | Killed an ogre
  2891 | D:4      | Reached skill level 7 in Ranged Weapons
  2970 | D:4      | Reached XP level 6. HP: 36/51 MP: 5/5
  3435 | D:4      | Found a runed translucent door.
  3438 | D:4      | Noticed ongoing's ghost (novice DjCj)
  3655 | D:5      | Entered Level 5 of the Dungeon
  4085 | D:4      | Reached skill level 8 in Ranged Weapons
  4132 | D:5      | Noticed Prince Ribbit
  4143 | D:5      | Killed Prince Ribbit
  4144 | D:5      | Reached XP level 7. HP: 28/59 MP: 6/6
  4193 | D:5      | Noticed Blork the orc
  4246 | D:5      | Killed Blork the orc
  4264 | D:5      | Reached skill level 9 in Ranged Weapons
  4286 | D:5      | Reached *** piety under Wu Jian
  4302 | D:5      | Found a glowing drain.
  4308 | Sewer    | Entered a sewer
  4902 | D:5      | Found Qoati's Assorted Antiques.
  5187 | D:5      | Reached skill level 5 in Fighting
  5187 | D:5      | Reached XP level 8. HP: 68/68 MP: 7/7
  5394 | D:5      | Upgraded the game from 0.31-a0-1127-ge7b2bbabab to
                  | 0.31-a0-1147-g46bab52692
  5608 | D:5      | Reached skill level 10 in Ranged Weapons
  5720 | D:5      | Noticed Ijyb
  5736 | D:5      | Killed Ijyb
  6159 | D:5      | Reached **** piety under Wu Jian
  6193 | D:5      | Slain by a water moccasin

Illustrated notes

Levels and vault maps discovered:
D:1:      grunt_arrival_lava_bath, layout_loops_ring, serial_shops, shop,
          chequers_ecumenical_altar_simple
D:2:      layout_basic
D:3:      layout_basic, serial_forest, infiniplex_forest_join,
          infiniplex_forest_clump_cross, infiniplex_forest_corner_1,
          infiniplex_forest_clump_diagonal, infiniplex_forest_diagonal,
          ebering_ghost_rock_garden
D:4:      layout_loops_ring, ebering_ghost_sewer_d,
          amcnicky_mini_corridor_feature, hex_large, minmay_misc_feat_square,
          hangedman_decor_push
D:5:      layout_basic, serial_shops, nicolae_shop_overgrown_old_shop,
          lightli_sewer_entry_pipes, minmay_joined_circles, uniq_prince_ribbit1,
          uniq_ijyb, uniq_blork_the_orc

Skill      XL: |  1  2  3  4  5  6  7  8 |
---------------+-------------------------+-----
Ranged Weapons | 5 6 7 8 9 10 | 10.2
Stealth        | 1 |  1.4
Fighting       | 3 4 5 |  5.8
Armour         | 1 2 3 |  3.3
Dodging        | 3 |  3.5

Action                     |  1- 3 |  4- 6 |  7- 9 || total
---------------------------+-------+-------+-------++-------
  Melee: Shortbow          |     1 |       |       ||     1
   Fire: Shortbow          |   156 |   134 |   271 ||   561
  Evoke: Wand              |       |       |     1 ||     1
    Use: Scroll            |       |     5 |     8 ||    13
         Potion            |       |       |     2 ||     2
 Armour: Leather armour    |    27 |    43 |   105 ||   175
  Dodge: Dodged            |    32 |    40 |   125 ||   197

Table legend: (Time is in decaauts)
 A = Elapsed time spent in this place.
 B = Non-inter-level travel time spent in this place.
 C = Inter-level travel time spent in this place.
 D = Time resting spent in this place.
 E = Time spent auto-exploring this place.
 F = Levels seen in this place.
 G = Mean time per level.
                   A        B        C        D        E       F      G
               +--------+--------+--------+--------+--------+-----+--------+
         Total |   6444 |   6271 |    173 |    131 |    176 |   6 | 1074.0 |
       Dungeon |   5752 |   5579 |    173 |    131 |     89 |   5 | 1150.4 |
         Sewer |    691 |    691 |      0 |      0 |     87 |   1 |  691.0 |
               +--------+--------+--------+--------+--------+-----+--------+

Top non-repeatable levels by time:
     D:5: 1597 daAuts
     D:4: 1516 daAuts
     D:3: 984 daAuts
     D:2: 905 daAuts
     D:1: 748 daAuts
   Sewer: 691 daAuts
